 Dungeon Crawl Stone Soup version 0.27.1-2-g3b301248ec (webtiles) character file.

Game seed: 15749774243173443879

160 Borgoz the Skirmisher (level 5, -2/34 HPs)
             Began as a Gargoyle Berserker on Sept 27, 2021.
             Was a Believer of Trog.
             Slain by an orc wizard (4 damage)
             ... on level 4 of the Dungeon.
             The game lasted 00:02:31 (2724 turns).

Borgoz the Skirmisher (Gargoyle Berserker)          Turns: 2724, Time: 00:02:32

Health: -2/34      AC:  6    Str: 20    XL:     5   Next: 41%
Magic:  5/5        EV: 16    Int:  8    God:    Trog [**....]
Gold:   106        SH:  0    Dex: 10    Spells: 4/4 levels left

rFire    . . .     SeeInvis .   a - +0 mace
rCold    . . .     Faith    .   (no shield)
rNeg     + . .     Spirit   .   b - +0 animal skin
rPois    ∞         Reflect  .   (no helmet)
rElec    +         Harm     .   (no cloak)
rCorr    .         Rampage  .   (no gloves)
Will     .....                  (no boots)
Stlth    +.........             (no amulet)
HPRegen  0.11/turn              i - +4 ring of evasion
MPRegen  0.09/turn              (no ring)

@: confused, unable to read, on berserk cooldown, slowed, very slow
A: sickness immunity, AC +4, negative energy resistance 1, electricity
resistance, torment resistance 1, petrification resistance, evolution 1,
inability to read while threatened
a: Renounce Religion, Berserk, Trog's Hand


You were on level 4 of the Dungeon.
You worshipped Trog.
Trog was pleased with you.
You visited 1 branch of the dungeon, and saw 4 of its levels.

You collected 106 gold pieces.

Inventory:

Hand Weapons
 a - a +0 mace (weapon)
Armour
 b - a +0 animal skin (worn)
Jewellery
 i - a +4 ring of evasion (left hand)
Scrolls
 e - 4 scrolls of enchant weapon {unknown}
 f - a scroll of amnesia {unknown}
 g - 3 scrolls of identify {unknown}
 j - a scroll of vulnerability {unknown}
Potions
 c - 2 potions of curing {unknown}
 d - a potion of mutation
 h - a potion of magic {unknown}
 k - a potion of haste {unknown}
 l - a potion of heal wounds {unknown}
 m - a potion of resistance
 n - a potion of might {unknown}
 o - a potion of brilliance {unknown}
 p - a potion of flight {unknown}


   Skills:
 + Level 4.3 Fighting
 + Level 3.9 Maces & Flails
 + Level 3.4 Armour
 + Level 2.5 Dodging


You had 4 spell levels left.
You didn't know any spells.
Your spell library was empty.

Dungeon Overview and Level Annotations

Branches:
Dungeon (4/15)
 Temple: D:4-7

Altars:
Dithmenos
Fedhas


Innate Abilities, Weirdness & Mutations

You are immune to sickness and miasma.
Your stone body is resilient. (AC +4)
You are immune to poison.
You resist negative energy. (rN+)
You are resistant to electric shocks. (rElec)
You are resistant to unholy torment.
You are immune to petrification.
You evolve.
You sometimes lose the ability to read scrolls when taking damage.


Message History

You miss something. Something hits you but does no damage.
You're too confused to move!
Something hits you.
You feel a strong urge to attack something.
You are no longer berserk.
You are exhausted.
You feel yourself slow down.
You hear some strange, mumbled words.
You are more confused.
You miss something.
Something hits you but does no damage. x2
Something hits you. Something hits you but does no damage.
You bump into the rock wall.
Something barely misses you. Something hits you.
You bump into the rock wall.
Something hits you.
You hear some strange, mumbled words.
A magic dart appears from out of thin air!
The magic dart hits you.
You hear some strange, mumbled words.
A puff of flame appears from out of thin air!
The puff of flame hits you! Something hits you.
You bump into the rock wall.
Something hits you but does no damage.
You hear some strange, mumbled words.
You are more confused.
You barely miss something. Something hits you but does no damage.
You hear some strange, mumbled words.
A magic dart appears from out of thin air!
The magic dart hits you.
* * * LOW HITPOINT WARNING * * *
You hear some strange, mumbled words.
A puff of flame appears from out of thin air!
The puff of flame hits you.
* * * LOW HITPOINT WARNING * * *
Something completely misses you.
You completely miss something. Something barely misses you.
Something closely misses you.
Something hits you but does no damage. x2
Okay, then.
It was a potion of mutation.
You feel extremely strange.
You lose the ability to read scrolls when threatened.
You feel nature experimenting on you.
Don't worry, failures die fast.
Something hits you.
You feel threatened and lose the ability to read scrolls!
You die...

#.......... +.......>.#
#.......... #.........#
#......... #.........#
##......... #.........#
#......... #.........#
#........######..........
##.....).#......#########
#......{{#......# #
#.......@#......# #
#........#......# #
#........#......# #
#........'......# #
##########......# #
########


There were no monsters in sight!

Vanquished Creatures
  2 orc priests (D:4)
  An orc wizard (D:4)
  2 adders
  A worm (D:3)
  A dart slug (D:3)
  3 orcs
  12 ball pythons
  5 bats
  3 endoplasms
  A giant cockroach (D:1)
  4 goblins
  2 hobgoblins (D:2)
  A jackal (D:2)
  5 kobolds
  2 quokkas
  A frilled lizard (D:1)
  5 rats
51 creatures vanquished.

Notes
Turn   | Place    | Note
-------+----------+-------------------------------------------
     0 | D:1      | Borgoz the Gargoyle Berserker began the quest for the Orb.
     0 | D:1      | Reached XP level 1. HP: 14/14 MP: 1/1
   388 | D:1      | Found a faded altar of an unknown god.
   413 | D:1      | Reached XP level 2. HP: 15/19 MP: 2/2
   994 | D:2      | Reached ** piety under Trog
  1027 | D:2      | Reached XP level 3. HP: 16/24 MP: 3/3
  1915 | D:3      | Reached XP level 4. HP: 28/29 MP: 4/4
  1940 | D:3      | Found a blossoming altar of Fedhas.
  2299 | D:3      | Reached skill level 4 in Fighting
  2612 | D:4      | Found a shadowy altar of Dithmenos.
  2644 | D:4      | Reached XP level 5. HP: 33/33 MP: 5/5
  2724 | D:4      | Gained mutation: You sometimes lose the ability to read
                  | scrolls when taking damage. [potion of mutation]
  2724 | D:4      | Gained mutation: You evolve. [potion of mutation]
  2724 | D:4      | Slain by an orc wizard

Illustrated notes

Levels and vault maps discovered:
D:1:      psy_arrival_statuary, layout_rooms,
          shapermc_ecumenical_altar_starsandcircs, serial_glass,
          glass_columns_b, glass_columns_b
D:2:      layout_basic, minmay_cut_off
D:3:      layout_loops_ring, mainiacjoe_overflow_six_doors_small
D:4:      layout_gridville, nicolae_overflow_crystal_walls

Skill      XL: |  1  2  3  4 |
---------------+-------------+-----
Dodging        | 2 |  2.5
Armour         | 3 |  3.4
Fighting       | 4 |  4.3
Maces & Flails | |  3.9

Action                   |  1- 3 |  4- 6 || total
-------------------------+-------+-------++-------
Melee: Mace              |   100 |    56 ||   156
Invok: Berserk           |       |     3 ||     3
       Trog's Hand       |       |     1 ||     1
  Use: Potion            |       |     1 ||     1
Armor: Animal skin       |    22 |    25 ||    47
Dodge: Dodged            |    92 |    45 ||   137
